Map: Oxide LE

Players

TLHarstem (Harstem)

  • Race: Protoss Protoss
  • League: Master

ShoWTimE - Winner!

  • Race: Protoss Protoss
  • League: Grandmaster

Event: DreamHack SC2 Masters 2021 Summer

VOD

Have the link to the VOD?

Description

Time

  • Played on: June 2, 2021, 11:26 a.m.
  • Length: 9:54

All games in this series

Show
View Real Time Build Order
Export as new Build Order

TLHarstem Protoss 

Build Orders: Oracle Opening, Zealot Archon 

Get SALT Encoding   

  12  0:00  Probe  
  13  0:12  Probe  
  14  0:19  Pylon  
  14  0:24  Probe  
  15  0:37  Probe (Chrono Boost)  
  15  0:38  Gateway  
  16  0:46  Probe (Chrono Boost)  
  16  0:47  Assimilator  
  17  0:51  Probe (Chrono Boost)  
  18  1:03  Probe (Chrono Boost)  
  19  1:09  Assimilator  
  19  1:10  Pylon  
  19  1:15  Probe (Chrono Boost)  
  20  1:20  Probe (Chrono Boost)  
  21  1:27  Cybernetics Core  
  21  1:30  Probe  
  21  1:31  Zealot  
  24  1:42  Probe  
  26  1:54  Probe  
  26  2:03  Nexus  
  26  2:08  Probe  
  27  2:15  Stargate  
  27  2:20  Probe  
  28  2:25  Pylon  
  28  2:32  Stalker (Chrono Boost)  
  30  2:38  Probe  
  30  2:46  Shield Battery  
  30  2:50  Probe  
  33  2:59  Oracle (Chrono Boost)  
  33  3:04  Probe  
  35  3:07  Warp Gate  
  35  3:10  Shield Battery  
  35  3:15  Shield Battery  
  35  3:17  Probe  
  36  3:24  Probe  
  37  3:29  Probe, Shield Battery  
  38  3:36  Probe  
  39  3:41  Probe, Twilight Council  
  39  3:45  Stalker  
  42  3:48  Probe  
  42  3:53  Probe  
  42  3:54  Gateway  
  44  4:00  Probe  
  45  4:05  Probe  
  45  4:06  Forge  
  46  4:10  Pylon  
  46  4:13  Probe  
  46  4:16  Blink (Chrono Boost)  
  47  4:17  Probe  
  47  4:23  Assimilator  
  48  4:25  Probe  
  48  4:30  Probe  
  50  4:32  Protoss Ground Weapons Level 1 (Chrono Boost)  
  50  4:37  Probe  
  51  4:42  Probe  
  51  4:46  Gateway  
  51  4:48  Gateway  
  51  4:49  Probe  
  52  4:56  Sentry  
  52  4:57  Stalker  
  56  5:03  Probe  
  56  5:06  Probe  
  57  5:07  Pylon  
  57  5:15  Probe  
  57  5:19  Probe  
  56  5:22  Sentry  
  56  5:23  Stalker  
  60  5:31  Pylon, Nexus  
  60  5:32  Probe, Stalker x2  
  60  5:35  Probe  
  62  5:36  Dark Shrine  
  62  5:40  Stalker  
  64  5:44  Probe, Stalker  
  64  5:47  Probe  
  65  5:51  Stalker x2  
  65  5:56  Probe  
  70  5:59  Probe  
  71  6:04  Stalker  
  71  6:08  Probe  
  71  6:11  Probe, Stalker  
  76  6:17  Protoss Ground Weapons Level 2 (Chrono Boost)  
  75  6:18  Pylon  
  75  6:20  Probe  
  75  6:23  Probe  
  75  6:28  Assimilator  
  75  6:29  Photon Cannon  
  75  6:32  Probe  
  76  6:35  Probe  
  77  6:41  Photon Cannon  
  77  6:44  Probe  
  78  6:48  Probe  
  78  6:49  Dark Templar x2  
  78  6:52  Probe  
  84  6:56  Probe, Gateway  
  86  7:03  Gateway  
  86  7:05  Gateway  
  85  7:16  Stalker x2  
  85  7:17  Probe  
  85  7:18  Assimilator  
  85  7:22  Charge (Chrono Boost), Robotics Facility, Gateway  
  90  7:25  Probe, Pylon  
  90  7:27  Pylon  
  91  7:33  Sentry  
  91  7:34  Zealot  
  95  7:42  Archon  
  95  7:43  Zealot  
  97  7:48  Zealot  
  99  7:52  Pylon  
  99  7:54  Nexus  
  99  7:56  Dark Templar  
  99  7:57  Pylon, Dark Templar  
  103  7:58  Pylon  
  103  8:04  Archon  
  103  8:05  Zealot x2  
  107  8:08  Probe  
  107  8:09  Warp Prism (Chrono Boost), Pylon  
  108  8:18  Dark Templar  
  108  8:19  Dark Templar  
  114  8:23  Archon, Zealot  
  114  8:24  Zealot  
  118  8:31  Zealot x2  
  121  8:36  Dark Templar x2  
  121  8:40  Archon  
  125  8:49  Zealot x2  
  127  8:57  Zealot x4  
  135  9:02  Pylon  
  135  9:03  Probe  
  135  9:06  Pylon  
  136  9:10  Dark Templar x2  
  136  9:15  Archon  
  130  9:17  Zealot x3  
  130  9:24  Zealot x3  
  86  9:42  Zealot x5  
  88  9:47  Dark Templar x2  
  88  9:48  Zealot  
Show
View Real Time Build Order
Export as new Build Order

ShoWTimE Protoss - Winner!

Build Orders: Phoenix Opening 

Get SALT Encoding   

  12  0:00  Probe  
  13  0:12  Probe  
  14  0:17  Pylon  
  14  0:24  Probe (Chrono Boost)  
  15  0:36  Probe (Chrono Boost)  
  15  0:37  Gateway  
  16  0:45  Probe (Chrono Boost)  
  16  0:46  Assimilator  
  17  0:50  Probe  
  18  1:03  Probe (Chrono Boost)  
  19  1:07  Assimilator  
  19  1:09  Pylon  
  19  1:15  Probe (Chrono Boost)  
  20  1:20  Probe (Chrono Boost)  
  20  1:24  Cybernetics Core  
  21  1:27  Zealot  
  21  1:30  Probe  
  24  1:42  Probe  
  25  1:54  Probe  
  26  2:01  Adept (Chrono Boost)  
  26  2:05  Stargate  
  26  2:07  Probe  
  29  2:14  Warp Gate  
  29  2:18  Pylon  
  31  2:35  Probe  
  30  2:42  Nexus  
  30  2:47  Probe  
  30  2:48  Phoenix  
  33  2:59  Probe  
  33  3:11  Probe  
  34  3:13  Phoenix (Chrono Boost)  
  34  3:18  Pylon  
  36  3:23  Probe  
  37  3:32  Phoenix (Chrono Boost)  
  39  3:36  Probe  
  41  3:50  Probe (Chrono Boost)  
  41  3:52  Twilight Council  
  41  3:55  Probe (Chrono Boost)  
  43  4:05  Probe x2 (Chrono Boost)  
  44  4:10  Probe (Chrono Boost)  
  44  4:12  Probe  
  44  4:15  Stalker  
  48  4:18  Gateway  
  48  4:21  Probe  
  49  4:24  Probe  
  49  4:29  Blink (Chrono Boost), Forge  
  50  4:33  Probe (Chrono Boost)  
  52  4:42  Probe (Chrono Boost)  
  52  4:45  Probe (Chrono Boost)  
  53  4:49  Protoss Ground Weapons Level 1  
  53  4:50  Probe x2 (Chrono Boost), Pylon  
  53  4:51  Stalker  
  57  5:00  Probe  
  57  5:01  Probe  
  57  5:02  Nexus  
  59  5:12  Probe  
  59  5:13  Probe  
  61  5:20  Stalker x2  
  63  5:24  Probe, Assimilator  
  63  5:25  Probe  
  63  5:28  Robotics Facility  
  65  5:36  Probe, Gateway  
  65  5:37  Probe, Shield Battery  
  67  5:48  Probe  
  67  5:49  Probe  
  69  5:52  Pylon  
  67  6:00  Probe, Gateway  
  67  6:01  Probe  
  67  6:04  Pylon  
  69  6:12  Probe, Gateway  
  69  6:13  Probe  
  69  6:14  Gateway  
  69  6:15  Stalker  
  73  6:19  Stalker  
  74  6:26  Observer (Chrono Boost)  
  74  6:27  Probe  
  74  6:28  Shield Battery  
  74  6:32  Stalker  
  77  6:38  Pylon  
  77  6:39  Charge  
  77  6:44  Stalker x2  
  85  6:51  Pylon  
  85  6:55  Stalker  
  85  6:59  Stalker  
  89  7:05  Observer (Chrono Boost)  
  89  7:07  Stalker x2  
  90  7:15  Protoss Ground Weapons Level 2 (Chrono Boost)  
  88  7:20  Stalker x3  
  94  7:23  Pylon  
  94  7:31  Gateway  
  94  7:32  Gateway  
  94  7:40  Nexus  
  94  7:41  Pylon  
  94  7:44  Photon Cannon  
  94  7:45  Photon Cannon, Pylon  
  94  7:54  Zealot x5  
  94  7:55  Zealot  
  94  7:57  Immortal (Chrono Boost)  
  106  7:59  Gateway  
  106  8:02  Gateway  
  110  8:08  Pylon  
  110  8:12  Shield Battery  
  110  8:20  Zealot x5, Sentry  
  110  8:25  Warp Prism (Chrono Boost)  
  122  8:31  Zealot x2  
  128  8:41  Pylon  
  128  8:43  Pylon  
  128  8:47  Templar Archives  
  128  8:50  Zealot x6  
  138  8:56  Zealot x2  
  138  9:02  Pylon  
  142  9:11  Zealot x6  
  142  9:16  Zealot x2  
  146  9:24  Stalker x2  
  104  9:32  Zealot x6  
  102  9:39  Zealot  
  102  9:40  Zealot  
  102  9:44  Photon Cannon  
Tags
 
Add a new tag
Caveats
  • Supply blocks, unpowered buildings, or Contaminate may cause inaccurate times.
  • Supply counts are checked every 10 seconds.